 Dungeon Crawl Stone Soup version 0.31-a0-219-g8d62b2e7bb (webtiles) character file.

Game seed: 3466428506253212933

212 qw the Shooter (level 5, -5/45 HPs)
             Began as a Minotaur Hexslinger on July 3, 2023.
             Slain by Edmund
             ... wielding a +0 dire flail of protection
              (11 damage)
             ... on level 3 of the Dungeon.
             The game lasted 00:01:02 (2639 turns).

qw the Shooter (Minotaur Hexslinger)                Turns: 2639, Time: 00:01:03

Health: -5/45      AC:  5    Str: 13      XL:     5   Next: 58%
Magic:  5/5        EV: 11    Int: 10      God:
Gold:   173        SH:  0    Dex: 15 (18) Spells: 5/6 levels left

rFire   . . .        i - +1 sling (heavy)
rCold   . . .        (no shield)
rNeg    . . .        m - +0 ring mail
rPois   +            (helmet restricted)
rElec   .            (no cloak)
rCorr   +            (no gloves)
SInv    .            (no boots)
Will    .....        (no amulet)
Stlth   +            k - ring of resist corrosion
HPRegen 0.27/turn    b - ring of Kyottori {rPois Dex+4}
MPRegen 0.09/turn

%: no passive effects
@: about to teleport
A: horns 2, retaliatory headbutt
a: no special abilities


You were on level 3 of the Dungeon.
You visited 1 branch of the dungeon, and saw 4 of its levels.

You collected 173 gold pieces.


Innate Abilities, Weirdness & Mutations

You have a pair of horns on your head.
You reflexively headbutt those who attack you in melee.


   Skills:
 - Level 3.0 Fighting
 + Level 5.6 Ranged Weapons
 - Level 1.8 Armour
 - Level 2.1 Dodging
 - Level 1.0 Spellcasting
 - Level 2.0 Hexes


You had 5 spell levels left.
You knew the following spells:

 Your Spells              Type           Power      Damage    Failure   Level
a - Slow                  Hex            16%        N/A       32%         1

Your spell library contained the following spells:

 Spells                   Type           Power      Damage    Failure   Level
 Inner Flame              Hex/Fire       2%         N/A       82%         3
 Portal Projectile        Hex/Tloc       4%         N/A       82%         3
 Cause Fear               Hex            2%         N/A       97%         4

Inventory:

Hand Weapons
 i - a +1 heavy sling (weapon)
Armour
 m - a +0 ring mail (worn)
Jewellery
 b - the ring of Kyottori (right hand) {rPois Dex+4}
   (You found it on level 3 of the Dungeon)

   [ring of poison resistance]

   Dex:       It affects your dexterity (+4).
   rPois:     It protects you from poison.
 k - a ring of resist corrosion (left hand)
Scrolls
 a - a scroll of identify
 g - 3 scrolls of teleportation
Potions
 c - a potion of might
 d - a potion of haste {unknown}
 e - a potion of enlightenment
 j - a potion of heal wounds {unknown}
 l - a potion of cancellation {unknown}
 n - a potion of ambrosia {unknown}

Dungeon Overview and Level Annotations

Branches:
Dungeon (4/15)
 Temple: D:4-7

Altars:

Shops:
D:1 !

Annotations:
D:3 Edmund


Message History

HP restored.
Done exploring.
(D) Dungeon
Where to? (* - list waypoints, Enter - D:4, ? - help)
What level of the Dungeon? (default 1, ? - help)
You climb downwards.
Level annotation: Edmund The kobold shouts!
The sleepcap releases spores at you but does no damage.
Edmund hits you with a +0 dire flail of protection! x2
The sleepcap releases spores at you.
There is a stone staircase leading up, spattered with blood here.
2635 ||| STAIRDANCE The sleepcap releases spores at you but does no damage.
Edmund hits you but does no damage.
You climb upwards.
There is a stone staircase leading down here.
You shoot a sling bullet.
The sling bullet completely misses Edmund.
The sleepcap releases spores at you.
You are engulfed in a cloud of soporific spores!
You fall asleep.
Edmund hits you with a +0 dire flail of protection!
You wake up.
The sleepcap releases spores at you.
You are engulfed in a cloud of soporific spores!
You are unaffected.
Edmund closely misses you. You furiously retaliate!
You headbutt Edmund, but do no damage.
2638 ||| READING 4 scrolls of teleportation.
As you read the scroll of teleportation, it crumbles to dust.
You feel strangely unstable. The sleepcap barely misses you.
Edmund closely misses you. You furiously retaliate!
You headbutt Edmund. You shoot a sling bullet. The sling bullet hits Edmund!
Edmund is moderately wounded.
The sleepcap barely misses you. Edmund barely misses you.
The sleepcap releases spores at you.
You are engulfed in a cloud of soporific spores!
You are unaffected.
Edmund hits you with a +0 dire flail of protection!
You die...

#...# ##### #.#.# #...# #.#.#
#.#.# #######.#.# #.#.#
#.......#.# #.#.#####.#######.###
#.#.................######
########.#######.#######.#.#.....
.....#...#.....@@f..#....#.#.####
.###.#.###.#####....#(##.#.#....#
.# #.#.# #.#........#.#..#.####.#
.# #.#.###.#.###....#.#..#.# #.#
.# #.#...#<....#.........#.####[#
.###.##.##.#.#.#.##..............
...#.......#.#...##.#......##.#..
##.####.......#####.#####...#.#.#
#.# #..~...~~..~....~.~.~.~.~..


You could see Edmund and a sleepcap.

Vanquished Creatures
  A quasit (D:3)
  3 gnolls (D:3)
  5 adders
  2 shadow imps (D:3)
  3 worms (D:2)
  A dart slug (D:3)
  An orc (D:3)
  9 endoplasms
  8 giant cockroaches (D:1)
  7 hobgoblins
  10 kobolds
  8 ball pythons
  11 bats
  2 frilled lizards (D:2)
  6 goblins
  6 rats
83 creatures vanquished.

Notes
Turn   | Place    | Note
-------+----------+-------------------------------------------
     0 | D:1      | qw the Minotaur Hexslinger began the quest for the Orb.
     0 | D:1      | Reached XP level 1. HP: 16/16 MP: 1/1
     0 | D:1      | 0 ||| qw: Version: 0.3-a-40-ge99b1a8
     0 | D:1      | 0 ||| qw: Game counter: 386
     0 | D:1      | 0 ||| qw: Melee chars always use a shield: true
     0 | D:1      | 0 ||| qw: God list: Okawaru
     0 | D:1      | 0 ||| qw: Allow faded altars: false
     0 | D:1      | 0 ||| qw: Do Orc after clearing Dungeon:15 true
     0 | D:1      | 0 ||| qw: Do second Lair branch before Depths: true
     0 | D:1      | 0 ||| qw: Lair rune preference: random
     0 | D:1      | 0 ||| qw: Goals: Normal
     0 | D:1      | 0 ||| PLANNING D:1-11
   244 | D:1      | Reached skill level 3 in Ranged Weapons
   245 | D:1      | Reached XP level 2. HP: 23/23 MP: 2/2
   251 | D:1      | Found Hoemp's Distillery.
   260 | D:1      | 260 ||| SHOPLISTING potion of curing (39 gold, have 0).
   260 | D:1      | 260 ||| SHOPLISTING potion of mutation (104 gold, have 0).
   446 | D:1      | Reached XP level 3. HP: 14/29 MP: 3/3
   773 | D:1      | 773 ||| UPGRADING to +0 leather armour.
   783 | D:1      | 783 ||| DROPPING +0 robe.
   784 | D:1      | 784 ||| READING 2 scrolls labelled OFIPSI RYLERUE.
   785 | D:1      | 785 ||| READING 3 scrolls labelled NIMONUXT RIFO.
   790 | D:1      | 790 ||| READING scroll labelled BAFFUM YLEGYJ.
   791 | D:1      | 791 ||| READING scroll labelled HARHOE LOMITUI.
   792 | D:1      | 792 ||| DRINKING 2 yellow potions.
   793 | D:1      | 793 ||| DROPPING scroll of poison.
   867 | D:2      | Reached skill level 4 in Ranged Weapons
  1050 | D:2      | Reached XP level 4. HP: 36/36 MP: 4/4
  1131 | D:2      | Found a faded altar of an unknown god.
  1585 | D:2      | 1585 ||| UPGRADING to ring of resist corrosion.
  1586 | D:2      | 1586 ||| READING scroll labelled GIUNAI GOON.
  1587 | D:2      | 1587 ||| READING scroll labelled UNNITOUWACH.
  1588 | D:2      | 1588 ||| READING 2 scrolls of identify.
  1588 | D:2      | 1588 ||| IDENTIFYING viscous dark potion
  1589 | D:2      | 1589 ||| DROPPING potion of degeneration.
  1599 | D:3      | Identified the ring of Kyottori {rPois Dex+4}
  1628 | D:3      | Reached skill level 5 in Ranged Weapons
  1685 | D:3      | 1685 ||| FLEEEEING.
  1687 | D:3      | 1687 ||| FLEEEEING.
  1688 | D:3      | 1688 ||| FLEEEEING.
  1689 | D:3      | 1689 ||| FLEEEEING.
  1690 | D:3      | 1690 ||| FLEEEEING.
  1691 | D:3      | 1691 ||| FLEEEEING.
  1794 | D:3      | Reached skill level 3 in Fighting
  1826 | D:3      | Reached XP level 5. HP: 30/45 MP: 5/5
  2325 | D:3      | 2325 ||| Stepping ~*~*~tactically~*~*~ (water).
  2472 | D:3      | 2472 ||| UPGRADING to +0 ring mail.
  2482 | D:3      | 2482 ||| DROPPING +0 leather armour.
  2483 | D:3      | 2483 ||| UPGRADING to ring of Kyottori {rPois Dex+4}.
  2484 | D:3      | 2484 ||| READING scroll labelled YWNEM OCVUONLO.
  2485 | D:3      | 2485 ||| READING 2 scrolls of identify.
  2485 | D:3      | 2485 ||| IDENTIFYING puce potion
  2502 | D:4      | Noticed Edmund
  2505 | D:4      | 2505 ||| STAIRDANCE
  2510 | D:3      | Reached skill level 1 in Armour
  2635 | D:4      | 2635 ||| STAIRDANCE
  2637 | D:3      | HP: 9/45 [Edmund/+0 dire flail of protection (10)]
  2638 | D:3      | 2638 ||| READING 4 scrolls of teleportation.
  2639 | D:3      | Slain by Edmund

Levels and vault maps discovered:
D:1:      dpeg_arrival_arbitrary_a, layout_loops_ring, serial_shops, shop,
          minmay_worlds_worst_comb
D:2:      layout_loops_ring, basic_ecumenical_altar
D:3:      layout_basic, kennysheep_boxes
D:4:      layout_basic, minmay_temple_entry_wispy, serial_demonic,
          serial_demonic_a, serial_demonic_a, serial_demonic_a,
          serial_demonic_g, serial_demonic_g, uniq_edmund

Skill      XL: |  1  2  3  4  5 |
---------------+----------------+-----
Ranged Weapons | 3 4 5 |  5.6
Fighting       | 2 3 |  3.0
Armour         | 1 |  1.8
Dodging        | |  2.1
Spellcasting   | |  1.0
Hexes          | |  2.0

Action                     |  1- 3 |  4- 6 || total
---------------------------+-------+-------++-------
   Fire: Sling             |   136 |    95 ||   231
    Use: Scroll            |     4 |     6 ||    10
         Potion            |     1 |       ||     1
 Armour: Robe              |     7 |       ||     7
         Leather armour    |       |     5 ||     5
         Ring mail         |       |    25 ||    25
  Dodge: Dodged            |    49 |    61 ||   110

Table legend:
 A = Non-vault XP
 B = Vault XP
 C = Vault XP percentage of total XP
 D = Non-vault monster count
 E = Vault monster count
 F = Vault count percentage of total count
                 A         B        C        D         E       F
            +---------+---------+-------+---------+---------+-------
      Total |     222 |      82 |  27.0 |      73 |      10 |  12.0
            +---------+---------+-------+---------+---------+-------
        D:1 |      41 |      14 |  25.5 |      27 |       7 |  20.6
        D:2 |      81 |       0 |   0.0 |      25 |       0 |   0.0
        D:3 |     100 |      68 |  40.5 |      21 |       3 |  12.5
            +---------+---------+-------+---------+---------+-------
